Description

http://www.teamliquid.net/forum/sc2-strategy/512411-zvz-lingbane-into-roach-play

VOD

https://www.youtube.com/watch?v=xQNk3DAA3aU

Replay - stage 3 macro

Build Order

Get SALT Encoding   

  12  0:01  Drone  
  13  0:12  Overlord  
  13  0:17  Drone  
  14  0:30  Drone x3  
  17  0:52  Hatchery  
  17  0:55  Drone x2  
  18  1:08  Extractor  
  17  1:14  Spawning Pool  
  17  1:16  Drone x2  
  18  1:28  Drone  
  19  1:39  Overlord  
  20  2:00  Queen x2  
  22  2:01  Zergling x4  
  26  2:10  Metabolic Boost  
  32  2:47  Hatchery  
  31  2:55  Baneling Nest  
  32  3:05  Overlord  
  33  3:12  Zergling x6  
  36  3:29  Zergling x10  
  42  3:44  Overlord  
  43  4:04  Baneling x6  
  50  4:12  Baneling x2  
  50  4:15  Overlord  
  55  4:46  Extractor  
  55  4:48  Roach Warren  
  55  4:49  Queen  
  55  4:57  Baneling x2  
  54  5:42  Roach x10  
  86  6:31  Evolution Chamber  
  81  6:33  Lair  
  81  6:35  Extractor  
  89  7:04  Extractor  
  99  7:21  Zerg Missile Weapons Level 1  
  99  7:27  Extractor  
  101  7:32  Glial Reconstitution  
  127  8:14  Overseer  
  127  8:19  Hatchery  
  126  8:21  Extractor  
  157  9:17  Ravager x7  
  157  9:21  Overseer  
Spawning Tool Build Advisor. Get it on Overwolf

Go to:

Details

  • Created by: PiG      
  • Published on: Jun 04, 2017
  • Modified on: Jun 04, 2017
  • Patch: 3.8.0
Show
View Real Time Build Order
Export as new Build Order

Comments (0)

There are no comments. Be the first!

Create an account to comment!